 Dungeon Crawl Stone Soup version 0.28-a0-268-g3f656e82c2 (webtiles) character file.

Game seed: 1584439007123759667

3511 theanonym the Basher (level 9, -5/75 HPs)
             Began as a Mummy Delver on Aug 28, 2021.
             Was a Follower of Makhleb.
             Killed by divine providence
             ... invoked by an orc priest
              (10 damage)
             ... on level 8 of the Dungeon.
             The game lasted 00:16:29 (14570 turns).

theanonym the Basher (Mummy Delver)                Turns: 14570, Time: 00:16:29

Health: -5/75      AC: 12    Str: 18    XL:     9   Next: 81%
Magic:  10/10      EV:  5    Int: 10    God:    Makhleb [*.....]
Gold:   419        SH:  0    Dex: 13    Spells: 8/8 levels left

rFire   x . .      SeeInvis .   a - +0 flail
rCold   + . .      Faith    .   (no shield)
rNeg    + + +      Spirit   .   h - +0 plate armour
rPois   ∞          Reflect  .   j - +0 helmet
rElec   .          Harm     .   m - +0 cloak
rCorr   .          Rampage  .   (no gloves)
Will    +....                   (no boots)
Stlth   ..........              (no amulet)
HPRegen 0.22/turn               (no ring)
MPRegen 0.12/turn               (no ring)

@: no status effects
A: cold resistance 1, negative energy resistance 3, torment resistance 2, heat
vulnerability 1, no potions
a: Renounce Religion


Innate Abilities, Weirdness & Mutations

You are immune to poison.
Your flesh is cold resistant. (rC+)
You are immune to negative energy. (rN+++)
You are immune to unholy pain and torment.
You are vulnerable to heat. (rF-)
You do not drink.


   Skills:
 + Level 8.5 Fighting
 * Level 9.5 Maces & Flails
 + Level 1.1 Armour
 - Level 1.5 Dodging
 - Level 4.1 Stealth
 - Level 2.3 Invocations


You had 8 spell levels left.
You didn't know any spells.
Your spell library contained the following spells:

 Spells                   Type           Power      Damage    Failure   Level
 Animate Skeleton         Necr           0%         N/A       100%        1
 Apportation              Tloc           0%         N/A       100%        1
 Corona                   Hex            0%         N/A       100%        1
 Foxfire                  Conj/Fire      0%         2x1d4     100%        1
 Summon Small Mammal      Summ           0%         N/A       100%        1
 Blink                    Tloc           N/A        N/A       100%        2
 Conjure Flame            Conj/Fire      0%         6-21      100%        3
 Ignite Poison            Fire/Tmut/Pois 0%         N/A       100%        3
 Inner Flame              Hex/Fire       0%         N/A       100%        3
 Stone Arrow              Conj/Erth      0%         3d7       100%        3
 Sticky Flame             Conj/Fire      0%         2d3       100%        4
 Bolt of Magma            Conj/Fire/Erth 0%         4d4       100%        5
 Manifold Assault         Tloc           0%         N/A       100%        5
 Summon Forest            Summ/Tloc      0%         N/A       100%        5
 Eringya's Noxious Bog    Tmut/Pois      0%         N/A       100%        6
 Summon Hydra             Summ           0%         N/A       100%        7
 Shatter                  Erth           0%         3d5*      100%        9
 Storm Form               Tmut/Air       Unusable   N/A       N/A         7

Skill      XL: |  1  2  3  4  5  6  7  8  9 |
---------------+----------------------------+-----
Maces & Flails | 2 3 4 6 8 9 |  9.5
Fighting       | 4 5 7 8 |  8.5
Invocations    | 1 2 |  2.3
Armour         | 1 |  1.1
Dodging        | |  1.5
Stealth        | |  4.1

Action                   |  1- 3 |  4- 6 |  7- 9 || total
-------------------------+-------+-------+-------++-------
Melee: Mace              |    94 |   107 |       ||   201
       Flail             |       |   139 |   458 ||   597
Evoke: Wand              |       |       |    18 ||    18
       Piece from Xom's  |       |       |     8 ||     8
  Use: Scroll            |       |    10 |     7 ||    17
 Stab: Sleeping          |     7 |     1 |       ||     8
       Petrified         |       |       |     8 ||     8
       Petrifying        |       |       |     1 ||     1
       Paralysed         |       |       |     7 ||     7
Armor: Scale mail        |    22 |   113 |    35 ||   170
       Leather armour    |     8 |       |       ||     8
       Chain mail        |       |       |   124 ||   124
       Plate armour      |       |       |    63 ||    63
Dodge: Dodged            |    64 |    98 |   128 ||   290

Inventory:

Hand Weapons
 a - a +0 flail (weapon)
Armour
 h - a +0 plate armour (worn)
 j - a +0 helmet (worn)
 m - a +0 cloak (worn)
Wands
 c - a wand of digging (3)
Scrolls
 b - a scroll of amnesia
 g - a scroll of noise
 l - 4 scrolls of enchant weapon
 r - 2 scrolls of identify
 t - a scroll of teleportation
 y - a scroll of magic mapping
Miscellaneous
 e - a piece from Xom's chessboard (12/15)


You were on level 8 of the Dungeon.
You worshipped Makhleb.
Makhleb was aware of your devotion.
You visited 1 branch of the dungeon, and saw 8 of its levels.

You collected 419 gold pieces.

Dungeon Overview and Level Annotations

Branches:
Dungeon (8/15)             Temple (0/1) D:7
   Lair: D:8-11

Altars:
Cheibriados
Makhleb
Okawaru
Qazlal
Xom
Yredelemnul

#......# ##.##
#######.#####
#.# #........#
#.# #.#####..#
#+# #.#####..#
#.##.....#
##.##.##(.##
#...§§§....###
#..##@§§.#...
#...§§§§...###
#o######..##
#)######..#
#o..o.o...#
#########.# .#
o# .#


You could see an orc priest.

Notes
Turn   | Place    | Note
-------+----------+-------------------------------------------
     0 | D:5      | theanonym the Mummy Delver began the quest for the Orb.
     0 | D:5      | Reached XP level 1. HP: 18/18 MP: 1/1
    37 | D:4      | HP: 7/18 [adder (3)]
    40 | D:4      | Reached skill level 2 in Maces & Flails
    40 | D:4      | Reached XP level 2. HP: 10/24 MP: 2/2
   427 | D:3      | Reached XP level 3. HP: 29/29 MP: 3/3
   713 | D:1      | Found a faded altar of an unknown god.
   720 | D:1      | Got Plato's Reference Book on Translocation
  1747 | D:2      | Reached skill level 3 in Maces & Flails
  1892 | D:2      | Reached XP level 4. HP: 35/37 MP: 4/4
  1923 | D:2      | Found a burning altar of Makhleb.
  1937 | D:2      | Became a worshipper of Makhleb the Destroyer
  2914 | D:3      | Found a basalt altar of Yredelemnul.
  2914 | D:3      | Found a stormy altar of Qazlal.
  2919 | D:3      | Found a snail-covered altar of Cheibriados.
  2990 | D:3      | Noticed Natasha
  2995 | D:3      | HP: 17/37 [Natasha/magic dart (6)]
  2998 | D:3      | Killed Natasha
  2999 | D:3      | Reached skill level 4 in Fighting
  3218 | D:3      | Reached XP level 5. HP: 42/42 MP: 5/5
  3231 | D:3      | HP: 19/42 [bullfrog zombie (5)]
  3236 | D:3      | Reached skill level 1 in Invocations
  4319 | D:3      | Found a basalt altar of Yredelemnul.
  4319 | D:3      | Found a stormy altar of Qazlal.
  4324 | D:3      | Found a snail-covered altar of Cheibriados.
  4349 | D:3      | Noticed Natasha
  4364 | D:3      | Killed Natasha
  4856 | D:3      | Found a basalt altar of Yredelemnul.
  4856 | D:3      | Found a stormy altar of Qazlal.
  4861 | D:3      | Found a snail-covered altar of Cheibriados.
  4969 | D:3      | Noticed Natasha
  4981 | D:3      | Killed Natasha
  4982 | D:3      | Reached skill level 4 in Maces & Flails
  5721 | D:4      | Noticed Menkaure
  5869 | D:4      | Reached XP level 6. HP: 42/49 MP: 7/7
  5995 | D:4      | Killed Menkaure
  5996 | D:4      | Reached skill level 2 in Invocations
  6013 | D:4      | HP: 18/49 [iguana (9)]
  6015 | D:4      | HP: 8/49 [iguana (7)]
  6359 | D:4      | HP: 17/49 [iguana (12)]
  6363 | D:4      | HP: 8/49 [iguana (9)]
  7030 | D:5      | Noticed a sky beast
  7037 | D:5      | HP: 23/49 [sky beast (5)]
  7051 | D:5      | HP: 21/49 [something (4)]
  7078 | D:4      | HP: 20/49 [something (1)]
  7079 | D:4      | HP: 4/49 [something (6)]
  7519 | D:5      | HP: 19/49 [acid (10)]
  7720 | D:5      | Noticed Ijyb
  7725 | D:5      | HP: 12/50 [Ijyb/puff of flame (16)]
  8120 | D:5      | Noticed a sky beast
  8132 | D:5      | HP: 25/50 [Ijyb (4)]
  8133 | D:5      | HP: 10/50 [Ijyb/puff of flame (15)]
  8135 | D:5      | Killed Ijyb
  8136 | D:5      | Reached XP level 7. HP: 11/55 MP: 8/8
  8478 | D:5      | Reached skill level 5 in Fighting
  8478 | D:5      | Reached skill level 5 in Maces & Flails
  8528 | D:5      | Identified the +4 scale mail of New Discoveries {Harm}
  8775 | D:5      | HP: 28/56 [sky beast (2)]
  8788 | D:5      | HP: 17/56 [sky beast (1)]
  9469 | D:4      | Reached skill level 6 in Maces & Flails
  9469 | D:4      | Reached XP level 8. HP: 51/64 MP: 9/9
  9763 | D:6      | Reached skill level 6 in Fighting
  9766 | D:6      | Noticed Pikel
  9957 | D:6      | Found a shimmering altar of Xom.
 10286 | D:6      | HP: 25/64 [ogre (22)]
 10513 | D:6      | Reached skill level 7 in Maces & Flails
 10813 | D:5      | HP: 28/65 [sky beast (6)]
 11129 | D:6      | Reached * piety under Makhleb
 11369 | D:6      | Killed Pikel
 11370 | D:6      | Reached skill level 7 in Fighting
 11370 | D:6      | Reached skill level 8 in Maces & Flails
 11370 | D:6      | Reached XP level 9. HP: 42/72 MP: 10/10
 11855 | D:6      | HP: 35/72 [ogre (28)]
 12167 | D:6      | HP: 29/72 [ogre (22)]
 12170 | D:6      | HP: 2/72 [ogre (13)]
 13021 | D:7      | Reached skill level 8 in Fighting
 13021 | D:7      | Reached skill level 9 in Maces & Flails
 13064 | D:7      | Found a staircase to the Ecumenical Temple.
 13620 | D:7      | Found an iron altar of Okawaru.
 14535 | D:8      | HP: 36/75 [orc priest (4)]
 14544 | D:8      | HP: 26/75 [orc priest/divine providence (12)]
 14553 | D:8      | HP: 22/75 [orc priest (6)]
 14557 | D:8      | Reached skill level 1 in Armour
 14558 | D:8      | HP: 9/75 [orc priest/divine providence (10)]
 14560 | D:8      | HP: 4/75 [orc priest (5)]
 14565 | D:8      | HP: 4/75 [orc priest (3)]
 14570 | D:8      | Killed from afar by an orc priest

Vanquished Creatures
  Pikel (D:6)
  Menkaure (D:4)
  2 water moccasins
  3 orc warriors (D:7)
  2 black bears
  3 sky beasts
  4 ice beasts
  5 ogres
  A centaur (D:6)
  4 lemures
  A kobold brigand (D:6)
  3 bullfrogs (D:7)
  A bullfrog zombie (D:3)
  2 bullfrog skeletons
  4 orc priests
  2 hounds
  2 jellies
  Ijyb (D:5)
  2 centaur skeletons
  3 iguanas
  Natasha (thrice) (D:3)
  3 orc wizards
  A hound zombie (D:5)
  A howler monkey zombie (D:6)
  2 howler monkey skeletons
  12 adders
  2 worms (D:2)
  3 dart slugs
  13 orcs
  2 bats
  3 endoplasms (D:2)
  2 giant cockroaches
  7 goblins
  7 hobgoblins
  2 jackals (D:4)
  11 kobolds
  4 quokkas
  6 ball pythons
  A frilled lizard (D:3)
  4 rats
  A butterfly (D:6)
137 creatures vanquished.

Table legend: (Time is in decaauts)
 A = Elapsed time spent in this place.
 B = Non-inter-level travel time spent in this place.
 C = Inter-level travel time spent in this place.
 D = Time resting spent in this place.
 E = Time spent auto-exploring this place.
 F = Levels seen in this place.
 G = Mean time per level.
                   A        B        C        D        E       F      G
               +--------+--------+--------+--------+--------+-----+--------+
         Total |  14708 |  13937 |    771 |   5278 |   6578 |   8 | 1838.5 |
       Dungeon |  14708 |  13937 |    771 |   5278 |   6578 |   8 | 1838.5 |
               +--------+--------+--------+--------+--------+-----+--------+

Top non-repeatable levels by time:
     D:3: 3320 daAuts
     D:5: 2868 daAuts
     D:4: 2242 daAuts
     D:6: 1913 daAuts
     D:7: 1883 daAuts
     D:2: 1209 daAuts
     D:1: 1114 daAuts
     D:8: 157 daAuts
